 Seeded DCSS version 0.28.0-45-g0d030f2227 (webtiles) character file.

Game seed: 13254252311307455508 (custom seed)

32258 croobank the Warrior (level 13, -9/137 HPs)
             Began as a Minotaur Fighter on Apr 19, 2022.
             Was a High Priest of Okawaru.
             Mangled by a salamander
             ... wielding a +0 spear
              (12 damage)
             ... in a volcano.
             The game lasted 00:43:26 (15615 turns).

croobank the Warrior (Minotaur Fighter)            Turns: 15615, Time: 00:43:26

Health: -9/137     AC: 16    Str: 27    XL:     13   Next: 30%
Magic:  10/12      EV:  8    Int:  5    God:    Okawaru [*****.]
Gold:   801        SH:  5    Dex:  9    Spells: 12/12 levels left

rFire   . . .      SeeInvis .   a - +11 eveningstar of Voynec {flame, rC+ rN+}
rCold   + . .      Faith    .   c - +0 buckler
rNeg    + . .      Spirit   .   w - +0 plate armour
rPois   .          Reflect  .   (helmet restricted)
rElec   .          Harm     .   Y - scarf {shadows}
rCorr   .          Rampage  .   m - +0 pair of gloves
Will    .....                   W - +0 pair of boots
Stlth   ..........              f - amulet of regeneration
HPRegen 1.12/turn               H - ring of flight
MPRegen 0.13/turn               (no ring)

@: heroic, flying
A: horns 2, retaliatory headbutt
a: Renounce Religion, Heroism, Finesse, Duel


You were in a volcano.
You worshipped Okawaru.
Okawaru was extremely pleased with you.
You visited 4 branches of the dungeon, and saw 16 of its levels.
You also visited: Volcano.

You collected 1191 gold pieces.
You spent 390 gold pieces at shops.

Inventory:

Hand Weapons
 a - the +11 eveningstar of Voynec (weapon) {flame, rC+ rN+}
   (You found it on level 2 of the Dungeon)

   It burns those it strikes, dealing additional fire damage.
   rC:        It protects you from cold.
   rN:        It protects you from negative energy.
 b - a +0 hunting sling
 d - a +3 spear of distortion
 i - a +1 flail of holy wrath
 p - a +0 war axe
 q - the +8 morningstar "Giant's Curse" {vorpal, Will+}
   (You found it on level 2 of the Dungeon)

   It inflicts extra damage upon your enemies.
   Will:      It increases your willpower.
 r - a +2 short sword of speed
 Q - a +0 battleaxe
Missiles
 h - 11 poisoned darts (quivered)
 n - 158 sling bullets
 o - 117 bolts
 s - 130 stones
 t - 323 arrows
 E - 7 atropa-tipped darts
 M - a throwing net
 R - 5 boomerangs
 S - a boomerang of dispersal
Armour
 c - a +0 buckler (worn)
 m - a +0 pair of gloves (worn)
 w - a +0 plate armour (worn)
 W - a +0 pair of boots (worn)
 Y - a scarf of shadows (worn)
Jewellery
 f - an amulet of regeneration (around neck)
 H - a ring of flight (left hand)
Wands
 A - a wand of digging (3)
 B - a wand of flame (17)
 F - a wand of iceblast (18)
 G - a wand of polymorph (6)
 N - a wand of charming (4)
Scrolls
 g - a scroll of holy word {holy word, unknown}
 k - 2 scrolls of summoning {summoning, unknown}
 l - 4 scrolls of torment {torment, unknown}
 u - a scroll of fear {unknown}
 v - 2 scrolls of enchant weapon {enchant weapon, unknown}
 x - 3 scrolls of teleportation {teleport}
 y - a scroll of fog {fog, unknown}
 C - a scroll of enchant armour
 D - 3 scrolls of vulnerability {vulnerability, unknown}
 I - a scroll of magic mapping {magic mapping, unknown}
 U - a scroll of noise
 X - a scroll of identify
Potions
 e - 5 potions of curing {curing, unknown}
 j - 2 potions of ambrosia {ambrosia, unknown}
 z - 5 potions of mutation {mutation, unknown}
 J - 2 potions of attraction {attraction, unknown}
 K - 2 potions of lignification {lignification, unknown}
 L - a potion of resistance {resistance, unknown}
 P - 2 potions of haste
 T - a potion of brilliance
 V - a potion of invisibility
 Z - 2 potions of heal wounds
Miscellaneous
 O - a lightning rod (4/4)


   Skills:
 + Level 19.1(24.1) Fighting
 - Level 2.8(17.6) Axes
 + Level 18.7(23.8) Maces & Flails
 - Level 3.9(8.9) Armour
 - Level 3.9(8.9) Shields


You had 12 spell levels left.
You didn't know any spells.
Your spell library contained the following spells:

 Spells                   Type           Power      Damage    Failure   Level
 Beastly Appendage        Tmut           0%         N/A       99%         1
 Corpse Rot               Necr/Air       0%         N/A       100%        2
 Scorch                   Fire           0%         2d5       100%        2
 Wereblood                Tmut           0%         N/A       100%        2
 Conjure Flame            Conj/Fire      0%         6-21      100%        3
 Ignite Poison            Fire/Tmut/Pois 0%         N/A       100%        3
 Spider Form              Tmut/Pois      0%         N/A       100%        3
 Dispel Undead            Necr           0%         3d6       100%        4
 Flame Wave               Conj/Fire      0%         2d4       100%        4
 Petrify                  Tmut/Erth      0%         N/A       100%        4
 Sticky Flame             Conj/Fire      0%         2d3       100%        4
 Freezing Cloud           Conj/Ice/Air   0%         6-21      100%        5
 Metabolic Englaciation   Hex/Ice        0%         N/A       100%        5
 Statue Form              Tmut/Erth      0%         N/A       100%        6
 Polar Vortex             Ice            0%         N/A       100%        9
 Death Channel            Necr           Unusable   N/A       N/A         6
 Simulacrum               Ice/Necr       Unusable   N/A       N/A         6
 Summon Cactus Giant      Summ           Unusable   N/A       N/A         6

Dungeon Overview and Level Annotations

Branches:
Dungeon (9/15)             Temple (1/1) D:4            Lair (4/6) D:9
 Shoals (0/4) Lair:3       Spider (0/4) Lair:4          Orc (2/2) D:9
Volcano (1/1)
    Elf: Orc:2

Altars:
Ashenzari
Cheibriados
Dithmenos
Elyvilon
Fedhas
Gozag
Hepliaklqana
Kikubaaqudgha
Makhleb
Nemelex Xobeh
Okawaru
Qazlal
Ru
Sif Muna
Trog
Uskayaw
Vehumet
Wu Jian
Yredelemnul
Zin
The Shining One

Shops:
D:4 (   D:8 =

Annotations:
Lair:4 exclusion: 2 oklob plants


Innate Abilities, Weirdness & Mutations

You have a pair of horns on your head.
You reflexively headbutt those who attack you in melee.


Message History

You closely miss the fire bat. Your headbutt misses the fire bat.
The fire bat is almost dead.
The fire bat bites you but does no damage.
The wyvern barely misses you. You furiously retaliate!
You headbutt the wyvern.
You kill the wyvern!
Okawaru accepts your kill.
The wyvern bites you but does no damage.
You impale the wyvern!! You burn the wyvern.
The wyvern is almost dead.
You block the fire bat's attack.
The salamander hits you from afar with a +0 spear.
You are engulfed in flames!
You block the wyvern's attack.
You impale the wyvern!! You burn the wyvern.
You kill the wyvern!
Okawaru accepts your kill.
The fire bat bites you but does no damage.
The salamander hits you from afar with a +0 spear.
You are engulfed in flames!
* * * LOW HITPOINT WARNING * * *
A nearby plant withers and dies.
The fire bat bites you but does no damage.
The salamander hits you with a +0 spear.
* * * LOW HITPOINT WARNING * * *
You are engulfed in flames!
* * * LOW HITPOINT WARNING * * *
You completely miss the salamander. Your headbutt misses the salamander.
You block the fire bat's attack. The salamander barely misses you.
You bludgeon the salamander!! Your headbutt misses the salamander.
The salamander is moderately wounded.
The fire bat bites you but does no damage.
You hit the salamander but do no damage.
The salamander is moderately wounded.
The fire bat bites you.
* * * LOW HITPOINT WARNING * * *
You are engulfed in flames.
* * * LOW HITPOINT WARNING * * *
The salamander hits you with a +0 spear!
* * * LOW HITPOINT WARNING * * *
You are engulfed in flames!
You die...

♣...♣♣ ♣♣..P♣
°≈≈≈§≈§♣♣P♣.♣♣ ♣
≈≈§≈§§§§§♣♣P..♣ ♣♣♣♣♣
≈§§≈§≈§○§≈♣♣P.♣♣♣♣♣PP..
§§§≈≈§°≈§§≈♣P♣..♣P....P
♣§P§♣P§≈§§≈♣♣♣♣....P.♣♣
......b♣.≈§§§§♣♣♣♣P.♣♣≈
♣..N@...P§≈≈§§≈♣♣♣♣≈≈
.P..P...P..§♣.§§≈≈≈○§§≈
♣♣.P.♣....♣..PP§§≈§≈§§§
♣♣♣...P..♣...§.P♣≈≈≈≈≈
♣♣P.♣♣♣.P..P..♣P..♣♣
♣♣♣♣≈≈≈≈♣P.♣...P...
≈§°§§≈≈§♣♣P♣...♣
♣§§§°≈≈≈§§♣≈..P..
♣§≈°≈≈≈§≈§§§≈♣♣.P


You could see a salamander and a fire bat.

Vanquished Creatures
  2 hydras (Lair:3)
  A centaur warrior (D:9)
  2 two-headed ogres
  6 death yaks
  An orc knight (Orc:1)
  Pikel (D:5)
  A lindwurm (Lair:4)
  An orc sorcerer (Orc:1)
  A salamander (Volcano)
  3 black mambas
  7 cane toads
  2 komodo dragons
  2 rime drakes
  A polar bear (Lair:1)
  A hornet (D:9)
  10 dream sheep
  8 blink frogs (Lair:2)
  2 culicivoras (Lair:4)
  5 jumping spiders (Lair:4)
  4 wyverns
  6 fire bats (Volcano)
  26 yaks
  2 basilisks (Lair:4)
  Grum (D:8)
  2 steam dragons
  4 wargs (Orc:1)
  16 water moccasins
  6 orc warriors
  An ice beast (D:6)
  A hornet zombie (D:7)
  2 sky beasts
  3 black bears
  4 ogres
  6 centaurs
  20 wolves
  A lemure (D:5)
  3 kobold brigands (D:9)
  9 bullfrogs
  A gnoll sergeant (D:8)
  4 scorpions
  A water moccasin skeleton (D:5)
  3 killer bees (D:7)
  7 wights
  7 electric eels
  A howler monkey (D:8)
  3 bullfrog zombies
  5 centaur zombies
  2 jellies
  2 hounds
  2 gnoll shamans
  9 orc priests
  Jessica (D:3)
  A centaur skeleton (D:7)
  15 orc wizards
  Ijyb (D:4)
  4 iguanas
  A killer bee zombie (D:6)
  3 howler monkey zombies
  13 gnolls
  A howler monkey skeleton (D:4)
  7 adders
  2 shadow imps (D:6)
  A white imp (D:5)
  An ufetubus (D:5)
  A worm (D:2)
  3 dart slugs
  58 orcs
  5 bats
  12 endoplasms
  2 giant cockroaches
  8 hobgoblins
  7 jackals
  3 quokkas
  6 ball pythons
  2 frilled lizards
  7 goblins
  16 kobolds
  5 rats
407 creatures vanquished.

Vanquished Creatures (others)
  5 fungi
  49 plants
54 creatures vanquished.

Grand Total: 461 creatures vanquished

Notes
Turn   | Place    | Note
-------+----------+-------------------------------------------
     0 | D:1      | croobank the Minotaur Fighter began the quest for the Orb.
     0 | D:1      | Reached XP level 1. HP: 19/19 MP: 0/0
   265 | D:1      | Reached XP level 2. HP: 27/27 MP: 1/1
   383 | D:1      | Reached skill level 4 in Fighting
   605 | D:1      | Reached skill level 1 in Maces & Flails
   605 | D:1      | Reached XP level 3. HP: 33/33 MP: 2/2
  1277 | D:2      | Identified the +11 eveningstar of Voynec {flame, rC+ rN+}
  1438 | D:2      | Reached XP level 4. HP: 41/41 MP: 3/3
  1442 | D:2      | Identified the +8 morningstar "Giant's Curse" {vorpal,
                  | Will+}
  1909 | D:3      | Reached skill level 5 in Fighting
  2042 | D:3      | Found a faded altar of an unknown god.
  2236 | D:3      | Noticed Jessica
  2244 | D:3      | Killed Jessica
  2245 | D:3      | Reached XP level 5. HP: 42/48 MP: 4/4
  2490 | D:4      | Noticed Ijyb
  2499 | D:4      | Killed Ijyb
  2760 | D:4      | Reached skill level 6 in Fighting
  2762 | D:4      | Reached XP level 6. HP: 30/57 MP: 5/5
  3075 | D:4      | Found Senwall's Antique Weapon Emporium.
  3200 | D:4      | Found a staircase to the Ecumenical Temple.
  3233 | Temple   | Entered the Ecumenical Temple
  3572 | D:5      | Entered Level 5 of the Dungeon
  3663 | D:5      | Reached skill level 5 in Maces & Flails
  3684 | D:5      | Reached skill level 7 in Fighting
  3732 | D:5      | Reached XP level 7. HP: 62/66 MP: 6/6
  3788 | D:5      | Found an ornate altar of the Wu Jian Council.
  4376 | D:5      | Reached skill level 8 in Fighting
  4380 | D:5      | Noticed Pikel
  4388 | D:5      | Killed Pikel
  4389 | D:5      | Reached skill level 9 in Fighting
  4389 | D:5      | Reached XP level 8. HP: 51/78 MP: 7/7
  4853 | D:5      | Found a sparkling altar of Nemelex Xobeh.
  4853 | D:5      | Found an iron altar of Okawaru.
  5212 | D:6      | Found a sacrificial altar of Ru.
  5216 | D:6      | Reached skill level 10 in Fighting
  5605 | D:6      | Reached XP level 9. HP: 61/86 MP: 8/8
  5914 | D:6      | Reached skill level 10 in Maces & Flails
  5935 | D:6      | Reached skill level 11 in Fighting
  6536 | D:6      | Reached skill level 12 in Fighting
  7031 | D:7      | Reached XP level 10. HP: 92/99 MP: 9/9
  7374 | D:7      | Found an ancient bone altar of Kikubaaqudgha.
  7488 | D:8      | Found Luxuaf's Jewellery Shoppe.
  7544 | D:8      | Noticed a two-headed ogre
  7550 | D:8      | Killed a two-headed ogre
  7551 | D:8      | Reached skill level 13 in Fighting
  8047 | D:8      | Noticed Grum
  8657 | D:8      | Killed Grum
  8658 | D:8      | Reached skill level 14 in Fighting
  9045 | D:9      | Found a shimmering blue altar of Sif Muna.
  9076 | D:9      | Found a staircase to the Lair.
  9088 | D:9      | Found a glowing golden altar of the Shining One.
  9301 | D:9      | Noticed a centaur warrior
  9309 | D:9      | Killed a centaur warrior
  9554 | D:9      | Reached XP level 11. HP: 111/111 MP: 10/10
  9588 | D:9      | Found a stormy altar of Qazlal.
  9908 | D:9      | Found a staircase to the Orcish Mines.
 10384 | Orc:1    | Entered Level 1 of the Orcish Mines
 10670 | Orc:1    | Noticed an orc sorcerer
 10676 | Orc:1    | Killed an orc sorcerer
 10677 | Orc:1    | Reached skill level 15 in Fighting
 10885 | Orc:2    | Entered Level 2 of the Orcish Mines
 10909 | Orc:2    | Noticed an orc knight
 11088 | Orc:1    | Killed an orc knight
 11348 | Lair:1   | Entered Level 1 of the Lair of Beasts
 11523 | D:5      | Became a worshipper of Warmaster Okawaru
 11704 | Lair:1   | Reached skill level 15 in Maces & Flails
 11774 | Lair:1   | Found a radiant altar of Vehumet.
 12492 | Lair:1   | Reached * piety under Okawaru
 12617 | Lair:2   | Reached skill level 16 in Fighting
 12654 | Lair:2   | Reached ** piety under Okawaru
 13149 | Lair:1   | Reached XP level 12. HP: 55/124 MP: 11/11
 13516 | D:8      | Bought an amulet of regeneration for 390 gold pieces
 13666 | Lair:2   | Reached *** piety under Okawaru
 13685 | Lair:2   | Reached skill level 17 in Fighting
 13892 | Lair:2   | You are sucked into a shaft and drop 2 floors!
 13937 | Lair:4   | Reached **** piety under Okawaru
 14086 | Lair:4   | Received a gift from Okawaru
 14623 | Lair:4   | Reached ***** piety under Okawaru
 14624 | Lair:4   | Reached skill level 18 in Fighting
 14631 | Lair:4   | Found a hole to the Spider Nest.
 14987 | Lair:3   | Noticed a death yak
 14987 | Lair:3   | Noticed a death yak
 14987 | Lair:3   | Noticed a death yak
 14987 | Lair:3   | Noticed a death yak
 14988 | Lair:3   | Noticed a death yak
 14989 | Lair:3   | Noticed a death yak
 14999 | Lair:4   | Killed a death yak
 15007 | Lair:4   | Killed a death yak
 15024 | Lair:4   | Killed a death yak
 15041 | Lair:4   | Killed a death yak
 15048 | Lair:4   | Killed a death yak
 15049 | Lair:4   | Reached XP level 13. HP: 81/136 MP: 12/12
 15258 | Lair:3   | Found a staircase to the Shoals.
 15483 | Lair:3   | Found a dark tunnel.
 15490 | Volcano  | Entered a volcano
 15497 | Volcano  | Received a gift from Okawaru
 15561 | Volcano  | Reached skill level 19 in Fighting
 15615 | Volcano  | HP: 3/137 [salamander/+0 spear (11)]
 15615 | Volcano  | Mangled by a salamander

Illustrated notes

Levels and vault maps discovered:
D:1:      ncdulo_lavacross, layout_loops_ring
D:2:      layout_loops_corners
D:3:      layout_loops_cross, chequers_ecumenical_altar_grove, uniq_jessica
D:4:      layout_cave_pools, temple_doors_cd, serial_shops, shop, uniq_ijyb
D:5:      layout_layer_cave, nicolae_wu_jian_wuxing_cycle,
          gammafunk_temple_overflow_statue, grunt_tough_drop, uniq_pikel
D:6:      layout_basic, nicolae_ru_great_annihilating_truth, serial_bayou,
          serial_bayou_crossing, serial_bayou_lagoon_a, serial_bayou_lake_a,
          serial_bayou_lagoon_b, minmay_joined_circles
D:7:      layout_rooms, lemuel_coloured_pillars_altar
D:8:      layout_cave_pools, serial_shops, nicolae_square_shop, uniq_grum
D:9:      layout_roguey, mainiacjoe_overflow_alcove_4, old_standard_altar,
          tso_metal_star, lair_entry_dummy, hiddenorc2_lemuel, serial_bayou,
          serial_bayou_ford_a, serial_bayou_shore_b, serial_bayou_pond_a,
          serial_bayou_pond_d, serial_bayou_pond_d, grunt_decor_junction
Temple:   nicolae_temple_figure_eight
Lair:1:   layout_loops_ring, basic_altar
Lair:2:   layout_hall_layers, grunt_megastairs_1
Lair:3:   layout_misc_corridors, minmay_shoals_entry_centaurs,
          nicolae_volcano_entry_hallway, bobbens_dragon_lair_wall, uniq_urug
Lair:4:   minmay_lair_oklob_chamber, layout_cave_pods,
          nicolae_spider_entry_tight_spaces, fungi_pond_lemuel
Orc:1:    layout_diamond_mine
Orc:2:    st_orc_town, layout_caves
Volcano:  pf_volcano_lost_world

Skill      XL: |  1  2  3  4  5  6  7  8  9 10 11 12 13 |
---------------+----------------------------------------+-----
Fighting       | 4 5 6 7 9 10 12 14 16 18 19 | 19.1
Maces & Flails | 1 2 3 4 5 8 9 11 13 16 18 | 18.7
Axes           | |  2.8
Armour         | |  3.9
Shields        | |  3.9

Action                   |  1- 3 |  4- 6 |  7- 9 | 10-12 | 13-15 || total
-------------------------+-------+-------+-------+-------+-------++-------
Melee: War axe           |    21 |       |       |       |       ||    21
       Flail             |    40 |       |       |       |       ||    40
       Headbutt          |     9 |    14 |    13 |    79 |     8 ||   123
       Eveningstar       |     6 |    87 |   123 |   471 |    60 ||   747
 Fire: Hunting sling     |       |     5 |       |       |       ||     5
Throw: Dart              |       |       |     1 |       |       ||     1
Invok: Heroism           |       |       |       |     1 |     1 ||     2
Evoke: Wand              |       |       |     6 |     5 |       ||    11
       Lightning rod     |       |       |       |     1 |       ||     1
  Use: Scroll            |       |       |       |     6 |     1 ||     7
       Potion            |       |       |       |     4 |       ||     4
Armor: Scale mail        |    29 |    40 |    22 |       |       ||    91
       Plate armour      |       |       |    48 |   228 |    47 ||   323
       Chain mail        |       |       |     2 |       |       ||     2
Dodge: Dodged            |    25 |    45 |    39 |   116 |    21 ||   246
Block: Buckler           |    15 |    13 |    29 |    84 |    21 ||   162
